 Dungeon Crawl Stone Soup version 0.25-a0-668-gea548f1 (webtiles) character file.

Game seed: 2499221068286581957, levelgen mode: deterministic

27003 Faca the Markscentaur (level 13, -6/119 HPs)
             Began as a Centaur Hunter on Mar 28, 2020.
             Was a High Priest of Okawaru.
             Mangled by a spectral orc knight
             ... wielding a +2 vorpal great mace
             ... summoned by Nergalle
              (10 damage)
             ... on level 1 of the Lair of Beasts.
             The game lasted 00:39:48 (20842 turns).

Faca the Markscentaur (Centaur Hunter)             Turns: 20842, Time: 00:39:49

Health: -6/119     AC:  7    Str: 24    XL:     13   Next: 2%
Magic:  13/13      EV:  5    Int:  6    God:    Okawaru [*****.]
Gold:   680        SH:  0    Dex: 13    Spells: 12/12 levels left

rFire    + + .     SeeInvis .   F - +11 short sword of Efoez {drain, rF++ Int-4 Dex+3 Stlth+}
rCold    . . .     Gourm    .   (no shield)
rNeg     . . .     Faith    .   u - +0 chain mail
rPois    +         Spirit   .   K - +0 hat {MR+}
rElec    .         Reflect  .   y - scarf {repulsion}
rCorr    .         Harm     .   (no gloves)
MR       +....                  (no barding)
Stlth    ..........             (no amulet)
HPRegen  0.29/turn              s - +4 ring of strength
MPRegen  0.13/turn              n - ring of poison resistance

@: heavily drained, repel missiles, very quick
A: large, hooves 3, deformed body, speed 2, tough skin 3
a: Heroism, Finesse, Renounce Religion


You were on level 1 of the Lair of Beasts.
You worshipped Okawaru.
Okawaru was extremely pleased with you.
You were very hungry.

You visited 2 branches of the dungeon, and saw 13 of its levels.
You also visited: Bailey.

You collected 801 gold pieces.
You spent 121 gold pieces at shops.

Inventory:

Hand Weapons
 a - a +2 shortbow
 C - a +0 vorpal bardiche
 F - the +11 short sword of Efoez (weapon) {drain, rF++ Int-4 Dex+3 Stlth+}
   (You took it off a vampire on level 10 of the Dungeon)

   A truly terrible weapon, it drains the life of those it strikes.
   It affects your intelligence (-4).
   It affects your dexterity (+3).
   It greatly protects you from fire.
   It makes you more stealthy.
Missiles
 d - 263 arrows
Armour
 u - a +0 chain mail (worn)
 y - a scarf of repulsion (worn)
 K - a +0 hat of magic resistance (worn)
Jewellery
 n - a ring of poison resistance (right hand)
 s - a +4 ring of strength (left hand)
 z - an uncursed ring of flight
 B - an uncursed ring of see invisible
Wands
 l - a wand of iceblast (9)
 p - a wand of polymorph (14)
 q - a wand of disintegration (8)
 x - a wand of paralysis (10)
 E - a wand of clouds (5)
 G - a wand of digging (6)
 H - a wand of scattershot (6)
Scrolls
 c - a scroll of magic mapping
 h - a scroll of fear
 i - a scroll of enchant armour
 m - 4 scrolls of teleportation
 o - 3 scrolls of blinking
 w - 5 scrolls of remove curse
 A - 2 scrolls of fog
 D - a scroll of enchant weapon
 I - 3 scrolls of identify
Potions
 b - 3 potions of flight
 g - 4 potions of haste
 j - 5 potions of might
 k - a potion of cancellation
 r - a potion of lignification
 t - 2 potions of mutation
 v - 3 potions of curing
Comestibles
 f - 24 rations


   Skills:
 + Level 12.6(10.8) Fighting
 + Level 11.4(9.6) Polearms
 + Level 16.3(14.3) Bows
 - Level 1.3(0.0) Dodging
 - Level 0.4(0.0) Stealth


You had 12 spell levels left.
You didn't know any spells.
Your spell library contained the following spells:

 Spells                   Type           Power        Failure   Level  Hunger
 Apportation              Tloc           #.....       99%         1    ##.....
 Corona                   Hex            #......      99%         1    ##.....
 Magic Dart               Conj           #...         99%         1    ##.....
 Shock                    Conj/Air       #...         99%         1    ##.....
 Summon Butterflies       Summ           #.......     99%         1    ##.....
 Blink                    Tloc           N/A          100%        2    ###....
 Call Imp                 Summ           #.......     100%        2    ###....
 Ensorcelled Hibernation  Hex/Ice        #.....       100%        2    ###....
 Poisonous Vapours        Pois/Air       #.....       100%        2    ###....
 Slow                     Hex            #.......     100%        2    ###....
 Swiftness                Chrm/Air       #.......     100%        2    ###....
 Confusing Touch          Hex            #.......     100%        3    ####...
 Conjure Flame            Conj/Fire      #.......     100%        3    ####...
 Dazzling Flash           Conj/Hex       #.....       100%        3    ####...
 Lesser Beckoning         Tloc           #.........   100%        3    ####...
 Mephitic Cloud           Conj/Pois/Air  #.......     100%        3    ####...
 Static Discharge         Conj/Air       #.......     100%        3    ####...
 Tukima's Dance           Hex            #.......     100%        3    ####...
 Airstrike                Air            #.........   100%        4    #####..
 Alistair's Intoxication  Tmut/Pois      #.......     100%        5    ######.
 Lightning Bolt           Conj/Air       #.........   100%        5    ######.
 Freezing Cloud           Conj/Ice/Air   #.........   100%        6    #######
 Invisibility             Hex            #.......     100%        6    #######
 Ring of Flames           Chrm/Fire      #.........   100%        7    #######


Dungeon Overview and Level Annotations

Branches:
Dungeon (12/15)            Temple (0/1) D:4            Lair (1/6) D:10
    Orc (0/2) D:9          Bailey (visited)

Altars:
Ashenzari
Gozag
Kikubaaqudgha
Makhleb
Okawaru
Ru
Sif Muna
Trog
Uskayaw
Yredelemnul
Zin
Beogh

Shops:
D:4 *   D:5 %   D:6 [*   D:10 [

Annotations:
D:11 2 runed translucent doors
Lair:1 Nergalle


Innate Abilities, Weirdness & Mutations

You have hooves in place of feet.
Armour fits poorly on your strangely shaped body.
You cover ground very quickly.
You have extremely tough skin. (AC +3)


Message History

Nergalle points at you and mumbles some strange words.
Orcish apparitions take form around you.
The spectral orc knight hits you with a +2 vorpal great mace!
* * * LOW HITPOINT WARNING * * *
x2 The spectral orc warrior hits you with a +0 mace.
* * * LOW HITPOINT WARNING * * *
The spectral orc warrior hits you from afar with a +0 glaive!
* * * LOW HITPOINT WARNING * * *
The spectral orc warrior hits you but does no damage.
You closely miss Nergalle. You kick Nergalle, but do no damage.
Nergalle is moderately wounded.
Nergalle casts a spell at you.
Orcish apparitions take form around you.
The spectral orc warrior barely misses you.
The spectral orc warrior hits you with a +0 mace.
* * * LOW HITPOINT WARNING * * *
You feel drained.
* * * LOW HITPOINT WARNING * * *
The spectral orc knight hits you with a +2 vorpal great mace!
You die...

..# ##..........###
###........
##.........#####P#.#.......
##........................
##(.....................#
#..........###..........
#...........#...........
##......ZZZ......
#.(....oZZ.......
....##Z@ZZ...... .#..
##.Z....... #....
###Z....... P.....
#.......... ......
#..........
......###.........#
......#............
...............##...>....P#
...#..........## ....#....


You could see Nergalle, 2 spectral orcs, 7 spectral orc warriors and a spectral
orc knight.

Vanquished Creatures
  Gastronok (Lair:1)
  A hydra (Lair:1)
  A two-headed ogre (D:12)
  2 unseen horrors (D:10)
  2 cyclopes (D:12)
  A deep elf mage (D:12)
  A manticore (D:12)
  A black mamba (Lair:1)
  A spiny frog (Lair:1)
  A komodo dragon (D:10)
  A hornet (D:12)
  A troll (D:12)
  3 blink frogs (Lair:1)
  3 hippogriffs
  A vampire (D:10)
  21 yaks
  A wyvern (D:9)
  2 hungry ghosts (D:8)
  3 water moccasins
  A porcupine (Lair:1)
  5 ice beasts
  15 orc warriors
  3 sky beasts
  An eye of draining (D:10)
  A necrophage (D:7)
  3 phantoms
  10 centaurs
  7 ogres
  4 crocodiles (Lair:1)
  A big kobold (D:10)
  7 bullfrogs
  3 scorpions
  12 killer bees
  3 wights (D:10)
  A howler monkey (D:8)
  2 crimson imps
  8 hounds
  A bullfrog zombie (D:12)
  8 jellies
  6 orc priests
  6 orc wizards
  A bullfrog skeleton (D:5)
  2 centaur skeletons
  Jessica (D:2)
  4 iguanas
  8 worker ants
  A killer bee zombie (D:4)
  A hound zombie (D:7)
  A hound skeleton (D:10)
  Robin (D:2)
  A worker ant zombie (D:10)
  4 gnolls
  2 river rats (D:5)
  16 adders
  2 howler monkey skeletons
  4 shadow imps
  6 oozes
  2 adder zombies (D:5)
  2 adder skeletons
  3 dart slugs
  11 leopard geckos
  67 orcs
  2 giant cockroaches
  12 goblins
  6 hobgoblins
  12 jackals
  5 quokkas
  2 ball pythons
  6 bats
  3 frilled lizards
  A jackal zombie (D:7)
  12 kobolds
  A leopard gecko skeleton (D:4)
  A quokka skeleton (D:7)
  11 rats
370 creatures vanquished.

Vanquished Creatures (others)
  24 plants (D:10)
24 creatures vanquished.

Grand Total: 394 creatures vanquished

Notes
Turn   | Place    | Note
-------+----------+-------------------------------------------
     0 | D:1      | Faca the Centaur Hunter began the quest for the Orb.
     0 | D:1      | Reached XP level 1. HP: 17/17 MP: 1/1
   262 | D:1      | Reached XP level 2. HP: 18/25 MP: 2/2
   875 | D:1      | Reached XP level 3. HP: 30/30 MP: 3/3
   884 | D:1      | Reached skill level 6 in Bows
  1219 | D:2      | Noticed Robin
  1405 | D:1      | Reached skill level 1 in Polearms
  1567 | D:2      | Killed Robin
  1567 | D:2      | Reached XP level 4. HP: 37/38 MP: 4/4
  1885 | D:2      | Noticed Jessica
  1907 | D:2      | Killed Jessica
  2357 | D:3      | Reached XP level 5. HP: 45/45 MP: 5/5
  3040 | D:3      | Found an iron altar of Okawaru.
  3046 | D:3      | Became a worshipper of Warmaster Okawaru
  3544 | D:3      | Found a shimmering blue altar of Sif Muna.
  3656 | D:3      | Reached skill level 7 in Bows
  3796 | D:4      | Noticed a phantom
  3867 | D:4      | Killed a phantom
  3867 | D:4      | Reached XP level 6. HP: 28/52 MP: 6/6
  4404 | D:4      | Found a staircase to the Ecumenical Temple.
  4728 | D:4      | Found Neroun Til's Assorted Antiques.
  4732 | D:4      | Bought a scroll labeled DOSOIMINUU for 24 gold pieces
  4732 | D:4      | Bought a silvery potion for 21 gold pieces
  4732 | D:4      | Bought a scroll labeled SAINWO UTUAHE for 24 gold pieces
  4732 | D:4      | Bought a scroll labeled SATESTROGIX for 24 gold pieces
  4818 | D:4      | Found a basalt altar of Yredelemnul.
  4826 | D:4      | Found a sacrificial altar of Ru.
  5776 | D:5      | Entered Level 5 of the Dungeon
  5846 | D:5      | Reached * piety under Okawaru
  5846 | D:5      | Reached skill level 8 in Bows
  5846 | D:5      | Reached XP level 7. HP: 4/60 MP: 7/7
  6172 | D:5      | Reached skill level 5 in Fighting
  6229 | D:5      | Found a glowing silver altar of Zin.
  6715 | D:5      | Found Tocrag's Food Boutique.
  7362 | D:6      | Reached XP level 8. HP: 70/70 MP: 8/8
  7380 | D:6      | Found Luvaleq's Armour Shop.
  7419 | D:6      | Found an ancient bone altar of Kikubaaqudgha.
  7442 | D:6      | Found a burning altar of Makhleb.
  7450 | D:6      | Got a smoking whip
  7451 | D:6      | Identified the +8 whip "Tecug" {speed, Int+2 Dex+6} (You
                  | found it on level 6 of the Dungeon)
  7484 | D:6      | Found Xige Usmealo's General Store.
  7492 | D:6      | Bought a scroll of identify for 28 gold pieces
  7505 | D:6      | Reached skill level 9 in Bows
  7881 | D:6      | Reached ** piety under Okawaru
  8140 | D:7      | Reached skill level 5 in Polearms
  8686 | D:7      | Reached skill level 10 in Bows
  9136 | D:7      | Reached XP level 9. HP: 53/79 MP: 9/9
  9438 | D:7      | Found a shattered altar of Ashenzari.
  9453 | D:7      | Found an opulent altar of Gozag.
  9532 | D:7      | Got a bloodstained whip
  9533 | D:7      | Identified the +9 whip "Cizuk" {drain, rPois} (You found it
                  | on level 7 of the Dungeon)
  9767 | D:8      | Reached *** piety under Okawaru
  9935 | D:8      | Reached skill level 11 in Bows
  9941 | D:8      | Received a gift from Okawaru
 10331 | D:8      | Found a hide-covered altar of Uskayaw.
 10847 | D:8      | Reached **** piety under Okawaru
 11102 | D:9      | Received a gift from Okawaru
 11288 | D:9      | Noticed a troll
 11293 | D:9      | Reached XP level 10. HP: 38/90 MP: 10/10
 11502 | D:9      | Found a staircase to the Orcish Mines.
 11508 | D:9      | Received a gift from Okawaru
 11593 | D:9      | Found a flagged portal.
 11602 | Bailey   | Entered a bailey
 11676 | Bailey   | Reached skill level 12 in Bows
 12993 | Bailey   | Received a gift from Okawaru
 13934 | D:9      | Found a roughly hewn altar of Beogh.
 14188 | D:10     | Entered Level 10 of the Dungeon
 14194 | D:10     | Received a gift from Okawaru
 14416 | D:10     | Reached skill level 13 in Bows
 14448 | D:10     | Reached skill level 10 in Fighting
 14874 | D:10     | Found Noifis's Armour Shoppe.
 14920 | D:10     | Reached XP level 11. HP: 76/99 MP: 11/11
 14923 | D:10     | Reached ***** piety under Okawaru
 15191 | D:10     | Reached skill level 10 in Polearms
 15191 | D:10     | Reached skill level 14 in Bows
 15191 | D:10     | Reached XP level 12. HP: 110/110 MP: 12/12
 15326 | D:10     | Identified the +11 short sword of Efoez {drain, rF++ Int-4
                  | Dex+3 Stlth+}
 15693 | D:10     | Found a staircase to the Lair.
 16328 | D:11     | Reached skill level 15 in Bows
 16564 | D:11     | Received a gift from Okawaru
 16619 | D:11     | Found a runed translucent door.
 16619 | D:11     | Noticed a fire dragon
 16619 | D:11     | Noticed an ice dragon
 16621 | D:11     | Found the +2 shield of Resistance {rF+ rC+ MR+}
 16621 | D:11     | Noticed a fire dragon
 16622 | D:11     | Noticed an ice dragon
 16627 | D:11     | Found a runed translucent door.
 16874 | D:12     | HP: 3/110 [yak (4)]
 17683 | D:12     | Found a shimmering blue altar of Sif Muna.
 18356 | D:12     | Received a gift from Okawaru
 18363 | D:12     | Got a steaming lajatang {god gift}
 18364 | D:12     | Identified the +8 lajatang "Demagra" {holy, *Drain rElec
                  | Int+5 SInv} (Okawaru gifted it to you on level 12 of the
                  | Dungeon)
 19067 | D:12     | Noticed a two-headed ogre
 19115 | D:12     | Killed a two-headed ogre
 19574 | Lair:1   | Entered Level 1 of the Lair of Beasts
 20055 | Lair:1   | Noticed Gastronok
 20090 | Lair:1   | Reached skill level 16 in Bows
 20255 | Lair:1   | Received a gift from Okawaru
 20323 | Lair:1   | Killed Gastronok
 20633 | Lair:1   | Noticed an eight-headed hydra
 20642 | Lair:1   | Killed an eight-headed hydra
 20642 | Lair:1   | Reached XP level 13. HP: 119/119 MP: 13/13
 20803 | Lair:1   | Found a bloodstained altar of Trog.
 20823 | Lair:1   | Noticed Nergalle
 20842 | Lair:1   | HP: 5/119 [spectral orc warrior/+0 mace[Nergalle] (4)]
 20842 | Lair:1   | Mangled by a spectral orc knight

Levels and vault maps discovered:
D:1:      dpeg_arrival_triangle_fractal, layout_basic
D:2:      layout_rooms, first_ration, kennysheep_generic_room_4, uniq_robin,
          uniq_jessica
D:3:      layout_loops_ring, lemuel_blue_sif_altar, serial_bayou_pond_e,
          okawaru_ov_weapons_minmay
D:4:      layout_layer_cave, chequers_temple_overflow_statue_of_worship,
          minmay_temple_entry_slanted, serial_shops, shop
D:5:      layout_loops_ring, overflow_temple_1_default, serial_shops, shop,
          portal_sewer_entry_b
D:6:      layout_loops_ring, bloody_makhleb, marbit_many_paths, serial_shops,
          nicolae_shop_temple_entry_statues_fountains, shop
D:7:      minmay_skewed_foursquare, layout_basic, overflow_temple_1_default,
          evilmike_ruin_ashenzari
D:8:      layout_loops_ring, eat_drink_and_be_merry_uskayaw
D:9:      layout_long_grid, minmay_orc_entry_temple_small, enter_bailey_2,
          minmay_between
D:10:     layout_rooms, david_lair_shrubbed, serial_shops, shop_statue,
          hangedman_little_slice_of_home
D:11:     layout_roguey, chequers_serial_rivers_micro_d,
          minmay_guarded_unrand_resistance
D:12:     layout_basic, basic_altar
Lair:1:   cheibrodos_lair_river_kwai, layout_hall_layers, basic_altar,
          uniq_gastronok, uniq_nergalle, uniq_sonja

Skill      XL: |  1  2  3  4  5  6  7  8  9 10 11 12 |
---------------+-------------------------------------+-----
Bows           | 6 7 8 10 11 13 14 16 | 16.3
Fighting       | 3 4 5 7 8 10 11 12 | 12.6
Polearms       | 1 2 3 4 5 7 8 10 11 | 11.4
Dodging        | |  1.3
Stealth        | |  0.4

Action                   |  1- 3 |  4- 6 |  7- 9 | 10-12 | 13-15 || total
-------------------------+-------+-------+-------+-------+-------++-------
Melee: Short sword       |    33 |       |       |   185 |     5 ||   223
       Kick              |    18 |    51 |   104 |   108 |     4 ||   285
       Spear             |    94 |   324 |    60 |       |       ||   478
       Trident           |       |       |    52 |    87 |       ||   139
       Whip              |       |       |   220 |   140 |       ||   360
       Lajatang          |       |       |       |    28 |       ||    28
 Fire: Shortbow          |       |    27 |    47 |   272 |     9 ||   355
Invok: Heroism           |       |       |       |     3 |       ||     3
  Use: Scroll            |     4 |    12 |     6 |     5 |       ||    27
       Potion            |       |       |     2 |     3 |       ||     5
  Eat: Chunk             |     2 |    11 |     6 |    19 |       ||    38
       Ration            |       |       |     4 |     2 |       ||     6
Armor: Leather armour    |    38 |    84 |     9 |       |       ||   131
       Chain mail        |       |       |   127 |   288 |     5 ||   420
Dodge: Dodged            |    62 |   119 |    70 |   172 |    11 ||   434
       Deflected         |       |       |       |    15 |       ||    15

Table legend:
 A = Non-vault XP
 B = Vault XP
 C = Vault XP percentage of total XP
 D = Non-vault monster count
 E = Vault monster count
 F = Vault count percentage of total count
                 A         B        C        D         E       F
            +---------+---------+-------+---------+---------+-------
      Total |   21417 |    6110 |  22.2 |     285 |      85 |  23.0
            +---------+---------+-------+---------+---------+-------
        D:1 |      60 |      15 |  20.0 |      22 |       8 |  26.7
        D:2 |      60 |      59 |  49.6 |      15 |       4 |  21.1
        D:3 |     113 |       0 |   0.0 |      23 |       0 |   0.0
        D:4 |     374 |       0 |   0.0 |      19 |       0 |   0.0
        D:5 |     688 |      30 |   4.2 |      23 |       5 |  17.9
        D:6 |     436 |      40 |   8.4 |      16 |       1 |   5.9
        D:7 |     908 |     275 |  23.2 |      17 |       3 |  15.0
        D:8 |    1774 |       0 |   0.0 |      21 |       0 |   0.0
        D:9 |     745 |     654 |  46.7 |      13 |      15 |  53.6
       D:10 |    4605 |     502 |   9.8 |      43 |       9 |  17.3
       D:11 |     546 |       0 |   0.0 |      13 |       0 |   0.0
       D:12 |    7269 |       0 |   0.0 |      45 |       0 |   0.0
     Lair:1 |    3839 |    2265 |  37.1 |      15 |       1 |   6.2
     Bailey |       0 |    2270 | 100.0 |       0 |      39 | 100.0
            +---------+---------+-------+---------+---------+-------
